 Dungeon Crawl Stone Soup version 0.28-a0-1312-g71652a0310 (webtiles) character file.

Game seed: 760167420678132932

1214 blank1 the Cleaver (level 8, -7/71 HPs)
             Began as a Hill Orc Cinder Acolyte on Dec 27, 2021.
             Was a Priest of Ignis.
             Mangled by an ogre (17 damage)
             ... on level 5 of the Dungeon.
             The game lasted 00:10:46 (5753 turns).

blank1 the Cleaver (Hill Orc Cinder Acolyte)        Turns: 5753, Time: 00:10:47

Health: -7/71      AC: 11    Str: 19    XL:     8   Next: 46%
Magic:  11/11      EV:  8    Int: 14    God:    Ignis [***...]
Gold:   277        SH:  0    Dex:  6    Spells: 9/11 levels left

rFire   + . .      SeeInvis .   e - +1 hand axe (flame)
rCold   . . .      Faith    .   (no shield)
rNeg    . . .      Spirit   .   q - +0 chain mail
rPois   .          Reflect  .   m - +0 helmet
rElec   .          Harm     .   (no cloak)
rCorr   .          Rampage  .   (no gloves)
Will    .....                   (no boots)
Stlth   ..........              (no amulet)
HPRegen 0.21/turn               (no ring)
MPRegen 0.12/turn               (no ring)

@: no status effects
A: no striking features
a: Renounce Religion, Fiery Armour, Foxfire Swarm, Rising Flame


You were on level 5 of the Dungeon.
You worshipped Ignis.
Ignis was most pleased with you.
You visited 1 branch of the dungeon, and saw 5 of its levels.

You collected 277 gold pieces.

Inventory:

Hand Weapons
 e - a +1 hand axe of flaming (weapon)
Armour
 m - a +0 helmet (worn)
 q - a +0 chain mail (worn)
Wands
 n - a wand of flame (13)
Scrolls
 a - a scroll of acquirement {unknown}
 f - a scroll of enchant weapon {unknown}
 g - 2 scrolls of vulnerability {unknown}
 i - a scroll of summoning {unknown}
 j - 2 scrolls of teleportation {unknown}
 r - 2 scrolls of fear {unknown}
Potions
 b - a potion of berserk rage
 c - a potion of haste
 d - 2 potions of heal wounds
 h - 2 potions of degeneration
 k - a potion of brilliance
 l - a potion of mutation {unknown}
 o - 2 potions of curing {unknown}
 p - a potion of resistance {unknown}
 t - a potion of flight {unknown}
 u - 2 potions of lignification


   Skills:
 + Level 6.9 Fighting
 + Level 8.0 Axes
 - Level 5.0 Armour
 - Level 3.0 Dodging
 - Level 2.0 Spellcasting
 - Level 3.5 Fire Magic


You had 9 spell levels left.
You knew the following spells:

 Your Spells              Type           Power      Damage    Failure   Level
a - Scorch                Fire           22%        2d6       65%         2

Your spell library contained the following spells:

 Spells                   Type           Power      Damage    Failure   Level
 Animate Skeleton         Necr           2%         N/A       94%         1
 Apportation              Tloc           2%         N/A       94%         1
 Summon Small Mammal      Summ           4%         N/A       94%         1
 Passage of Golubria      Tloc           1%         N/A       100%        4
 Silence                  Hex/Air        0%         N/A       100%        5
 Lehudib's Crystal Spear  Conj/Erth      0%         10d2      100%        8


Dungeon Overview and Level Annotations

Branches:
Dungeon (5/15)
 Temple: D:4-7

Altars:
Cheibriados
Fedhas
Qazlal
Xom

Shops:
D:4 (   D:5 (

Portals:
Abyss: D:5

Annotations:
D:5 2 transporters, Adrian566's ghost, novice TrFi


Message History

u - 2 silvery potions You see here a +0 chain mail.
There is an open gate here.
s - 2 scrolls of identify (gained 1)
Found a mace.
An ogre comes into view. It is wielding a +0 giant club.
The ogre shouts!
Okay, then.
Okay, then.
Okay, then.
As you read the scroll of identify, it crumbles to dust.
k - a potion of brilliance
As you read the scroll of identify, it crumbles to dust.
u - 2 potions of lignification You completely miss the ogre.
The ogre hits you with a +0 giant club!
You hit the ogre. You burn the ogre.
The ogre is lightly wounded.
The ogre hits you with a +0 giant club!
You slash the ogre! You burn the ogre.
The ogre is heavily wounded.
You barely miss the ogre.
The ogre is heavily wounded.
The ogre hits you with a +0 giant club!!
* * * LOW HITPOINT WARNING * * *
You closely miss the ogre.
The ogre is heavily wounded.
The ogre hits you with a +0 giant club!
* * * LOW HITPOINT WARNING * * *
You hit the ogre. You burn the ogre.
The ogre is severely wounded.
You hit the ogre. You burn the ogre.
The ogre is severely wounded.
The ogre barely misses you.
You barely miss the ogre.
The ogre is severely wounded.
The ogre barely misses you.
You hit the ogre but do no damage.
The ogre is severely wounded.
The ogre hits you with a +0 giant club!
You die...

#..# #.# .#
##... #..#
#.# .# #..#
#..# ... ..
..... #..#
#.# ........
#..# .....#
#..# ##.#.
#..#
###..######.#
#....@O.)...#
###########.#


You could see an ogre.

Vanquished Creatures
  Pikel (D:4)
  An ogre (D:3)
  4 lemures
  A phantom (D:4)
  A wyvern skeleton (D:5)
  2 water moccasin skeletons
  A centaur zombie (D:5)
  A bullfrog zombie (D:5)
  2 hounds
  A jelly (D:4)
  2 bullfrog skeletons (D:5)
  A centaur skeleton (D:5)
  7 adders
  A shadow imp (D:5)
  A white imp (D:5)
  An ufetubus (D:4)
  An adder zombie (D:5)
  2 dart slugs
  An orc (D:3)
  6 ball pythons
  8 bats
  5 endoplasms
  4 giant cockroaches
  10 goblins
  10 hobgoblins
  10 jackals
  6 kobolds
  2 quokkas
  6 frilled lizards
  3 rats
102 creatures vanquished.

Vanquished Creatures (others)
  39 foxfires (D:5)
39 creatures vanquished.

Grand Total: 141 creatures vanquished

Notes
Turn   | Place    | Note
-------+----------+-------------------------------------------
     0 | D:1      | blank1 the Hill Orc Cinder Acolyte began the quest for the
                  | Orb.
     0 | D:1      | Reached XP level 1. HP: 19/19 MP: 2/2
   158 | D:1      | Reached XP level 2. HP: 23/27 MP: 3/3
   396 | D:1      | Learned a level 2 spell: Scorch
   657 | D:1      | Reached XP level 3. HP: 21/33 MP: 4/4
   938 | D:1      | Found a faded altar of an unknown god.
  1289 | D:1      | Reached skill level 1 in Dodging
  1579 | D:2      | Reached skill level 5 in Axes
  1814 | D:2      | Reached XP level 4. HP: 35/40 MP: 5/5
  2767 | D:3      | Reached XP level 5. HP: 43/47 MP: 6/6
  3185 | D:3      | Found a shimmering altar of Xom.
  3240 | D:3      | Found a snail-covered altar of Cheibriados.
  3365 | D:3      | Noticed an ogre
  3373 | D:3      | Killed an ogre
  3374 | D:3      | Reached skill level 5 in Fighting
  3374 | D:3      | Reached skill level 6 in Axes
  3374 | D:3      | Reached XP level 6. HP: 52/56 MP: 6/8
  3994 | D:4      | Found a stormy altar of Qazlal.
  4137 | D:4      | Found Saupn's Antique Weapon Shoppe.
  4440 | D:5      | Entered Level 5 of the Dungeon
  4455 | D:4      | Reached skill level 1 in Armour
  4645 | D:5      | Found a transporter.
  4651 | D:5      | Found a transporter.
  4659 | D:5      | Found Yvvuoding's Weapon Boutique.
  4736 | D:5      | Found a blossoming altar of Fedhas.
  4755 | D:5      | Reached XP level 7. HP: 55/62 MP: 10/10
  4777 | D:5      | Noticed Pikel
  4991 | D:4      | Killed Pikel
  4992 | D:4      | Reached skill level 7 in Axes
  4992 | D:4      | Reached skill level 5 in Armour
  4992 | D:4      | Reached XP level 8. HP: 26/70 MP: 11/11
  5350 | D:5      | Found a one-way gate to the infinite horrors of the Abyss.
  5351 | D:5      | Noticed a toenail golem
  5353 | D:5      | Noticed Adrian566's ghost (novice TrFi)
  5623 | D:5      | Reached skill level 8 in Axes
  5753 | D:5      | Mangled by an ogre

Illustrated notes

Levels and vault maps discovered:
D:1:      dpeg_arrival_solitude, layout_basic,
          hellmonk_ecumenical_altar_lost_god
D:2:      layout_loops_corners
D:3:      minmay_spotlight, layout_loops_ring, mainiacjoe_overflow_swirl,
          supply_closet_lemuel
D:4:      layout_loops_cross, grunt_qazlal_clouds, serial_shops, shop
D:5:      cheibrodos_iron_armory, layout_basic, mainiacjoe_overflow_alcove_4,
          nzn_wu_jian_council_hall, grunt_dithmenos_smoke_and_mirrors,
          serial_shops, shop, gammafunk_ghost_abyssal_escape, enter_ossuary_2,
          serial_undead, serial_undead_a, serial_undead_d, serial_undead_e,
          serial_undead_e, uniq_pikel

Skill      XL: |  1  2  3  4  5  6  7  8 |
---------------+-------------------------+-----
Fighting       | 4 5 6 |  6.9
Dodging        | 1 2 3 |  3.0
Axes           | 5 6 7 8 |  8.0
Spellcasting   | 2 |  2.0
Armour         | 1 5 |  5.0
Fire Magic     | |  3.5

Action                   |  1- 3 |  4- 6 |  7- 9 || total
-------------------------+-------+-------+-------++-------
Melee: Hand axe          |    89 |   148 |   111 ||   348
Invok: Fiery Armour      |       |     1 |     1 ||     2
       Foxfire Swarm     |       |       |     2 ||     2
  Use: Scroll            |       |     3 |     2 ||     5
       Potion            |       |     1 |       ||     1
Armor: Robe              |    14 |       |       ||    14
       Leather armour    |     6 |    31 |       ||    37
       Chain mail        |       |    37 |    72 ||   109
Dodge: Dodged            |    56 |    80 |    56 ||   192

Table legend: (Time is in decaauts)
 A = Elapsed time spent in this place.
 B = Non-inter-level travel time spent in this place.
 C = Inter-level travel time spent in this place.
 D = Time resting spent in this place.
 E = Time spent auto-exploring this place.
 F = Levels seen in this place.
 G = Mean time per level.
                   A        B        C        D        E       F      G
               +--------+--------+--------+--------+--------+-----+--------+
         Total |   5762 |   5529 |    233 |   1157 |   3390 |   5 | 1152.4 |
       Dungeon |   5762 |   5529 |    233 |   1157 |   3390 |   5 | 1152.4 |
               +--------+--------+--------+--------+--------+-----+--------+

Top non-repeatable levels by time:
     D:4: 1645 daAuts
     D:1: 1289 daAuts
     D:2: 1218 daAuts
     D:3: 1000 daAuts
     D:5: 607 daAuts
